 Dungeon Crawl Stone Soup version 0.24.0-123-gd5b16e6ec5 (webtiles) character file.

Game seed: 9739029206222756599, levelgen mode: deterministic

329 Delamore the Chopper (level 6, 0/47 HPs)
             Began as a Formicid Fighter on Jan 6, 2020.
             Slain by Edmund
             ... wielding a +5 flail of draining
              (7 damage)
             ... on level 4 of the Dungeon.
             The game lasted 00:04:13 (4114 turns).

Delamore the Chopper (Formicid Fighter)             Turns: 4114, Time: 00:04:14

Health: 0/47       AC:  6    Str: 23    XL:     6   Next: 80%
Magic:  6/6        EV:  7    Int:  7    God:
Gold:   204        SH:  8    Dex: 10    Spells: 5/5 levels left

rFire    . . .     SeeInvis +   a - +0 war axe
rCold    . . .     Gourm    +   c - +0 shield
rNeg     . . .     Faith    .   q - +0 scale mail {rPois}
rPois    +         Spirit   .   (helmet unavailable)
rElec    .         Reflect  .   (no cloak)
rCorr    .         Harm     .   (no gloves)
MR       .....                  (no boots)
Stlth    ..........             m - amulet of the gourmand
HPRegen  0.15/turn              (no ring)
MPRegen  0.10/turn              (no ring)

@: heavily drained
A: permanent stasis, dig shafts and tunnels, four strong arms, antennae 3
a: Dig, Shaft Self


You were on level 4 of the Dungeon.
You were very full.

You visited 1 branch of the dungeon, and saw 4 of its levels.

You collected 204 gold pieces.

Inventory:

Hand Weapons
 a - a +0 war axe (weapon)
Armour
 c - a +0 shield (worn)
 n - a +0 plate armour
 q - a +0 scale mail of poison resistance (worn)
Jewellery
 m - an amulet of the gourmand (around neck)
Wands
 b - a wand of polymorph (13)
Scrolls
 e - 4 scrolls of identify {unknown}
 h - a scroll of teleportation {unknown}
 i - 2 scrolls of enchant weapon {unknown}
 l - 5 scrolls of remove curse {unknown}
 o - a scroll of enchant armour {unknown}
 p - 2 scrolls of magic mapping {unknown}
Potions
 d - a potion of might
 g - 4 potions of heal wounds
 j - 3 potions of flight
 k - 2 potions of magic {unknown}
 r - a potion of haste {unknown}
Comestibles
 f - 11 rations


   Skills:
 - Level 3.2(1.6) Fighting
 + Level 6.7(4.9) Axes
 - Level 3.2(1.6) Armour
 - Level 3.6(1.9) Shields


You had 5 spell levels left.
You didn't know any spells.
Your spell library was empty.

Dungeon Overview and Level Annotations

Branches:
Dungeon (4/15)
 Temple: D:4-7

Altars:
Gozag
Hepliaklqana
Vehumet

Annotations:
D:3 3 runed translucent doors, diiiiiane's ghost, amateur OpAs
D:4 Edmund


Innate Abilities, Weirdness & Mutations

You cannot be hasted, slowed, berserked, paralysed or teleported.
You can dig through walls and to a lower floor.
Your four strong arms can wield two-handed weapons with a shield.
You have a pair of large antennae on your head. (SInv)


Message History

Edmund is heavily wounded.
Edmund hits you with a +5 flail of draining!
You feel drained. You block Edmund's attack.
You are too injured to fight recklessly!
You are too injured to fight recklessly!
You are too injured to fight recklessly!
You are too injured to fight recklessly!
You are too injured to fight recklessly!
You are too injured to fight recklessly!
You are too injured to fight recklessly!
You closely miss Edmund.
Edmund is heavily wounded.
Edmund hits you with a +5 flail of draining!
* * * LOW HITPOINT WARNING * * *
You feel drained.
* * * LOW HITPOINT WARNING * * *
You closely miss Edmund.
Edmund is heavily wounded.
Edmund hits you with a +5 flail of draining!
You die...

.
{##..$...)...>.#........
.##............#........
#.........#....#........
#.......................
..............>...
.........##.......
....(.../.........
........#........
.......@####.#..
##.>...@..# ##
.............
.............#
.....?....#....
.##......##.... .......#
... ###...... ..


You could see Edmund.

Vanquished Creatures
  An iguana (D:3)
  A worker ant (D:4)
  6 gnolls
  10 adders
  4 worms
  An adder skeleton (D:4)
  2 dart slugs
  5 leopard geckos
  6 orcs
  3 giant cockroaches (D:1)
  13 goblins
  8 hobgoblins
  17 jackals
  2 quokkas (D:3)
  A ball python (D:4)
  10 bats
  A frilled lizard (D:1)
  11 kobolds
  6 rats
108 creatures vanquished.

Notes
Turn   | Place    | Note
-------+----------+-------------------------------------------
     0 | D:1      | Delamore the Formicid Fighter began the quest for the Orb.
     0 | D:1      | Reached XP level 1. HP: 18/18 MP: 1/1
   143 | D:1      | Reached XP level 2. HP: 21/24 MP: 2/2
   162 | D:1      | Reached skill level 3 in Axes
   372 | D:1      | Reached XP level 3. HP: 27/29 MP: 3/3
   733 | D:2      | Reached skill level 4 in Axes
   733 | D:2      | Reached XP level 4. HP: 28/35 MP: 4/4
  1067 | D:2      | Reached XP level 5. HP: 8/41 MP: 5/5
  1076 | D:2      | HP: 1/41 [jackal (3)]
  1567 | D:2      | Reached skill level 5 in Axes
  1923 | D:2      | Found an opulent altar of Gozag.
  2425 | D:3      | Found a runed translucent gate.
  2426 | D:3      | Found a runed translucent gate.
  2426 | D:3      | Found a runed translucent gate.
  2426 | D:3      | Noticed diiiiiane's ghost (amateur OpAs)
  2653 | D:3      | Reached XP level 6. HP: 22/47 MP: 6/6
  2659 | D:3      | Found a radiant altar of Vehumet.
  2975 | D:3      | Reached skill level 6 in Axes
  3105 | D:3      | HP: 2/47 [poisoned by an adder]
  3113 | D:3      | HP: 1/47 [poisoned by an adder]
  4007 | D:4      | Found a hazy altar of Hepliaklqana.
  4102 | D:4      | Noticed Edmund
  4114 | D:4      | Slain by Edmund

Levels and vault maps discovered:
D:1:      minmay_arrival_four_loops, layout_basic
D:2:      layout_basic, lemuel_coloured_pillars_altar
D:3:      layout_loops_cross, overflow_temple_1_default, gammafunk_ghost_split,
          first_ration, chequers_serial_rivers_marsh
D:4:      cheibrodos_barr_body, layout_cave_pools, overflow_temple_1_default,
          uniq_edmund

Skill      XL: |  1  2  3  4  5  6 |
---------------+-------------------+-----
Axes           | 3 4 5 6 |  6.7
Fighting       | |  3.2
Armour         | |  3.2
Shields        | |  3.6

Action                   |  1- 3 |  4- 6 || total
-------------------------+-------+-------++-------
Melee: War axe           |    93 |   284 ||   377
  Use: Potion            |       |     2 ||     2
  Eat: Chunk             |       |    20 ||    20
Armor: Scale mail        |    50 |    24 ||    74
       Plate armour      |       |   150 ||   150
Dodge: Dodged            |    27 |    69 ||    96
Block: Shield            |    55 |   157 ||   212
